 Dungeon Crawl Stone Soup version 5.2-4-g6121e92 (webtiles) character file.

13040 tehllama the Charmwright (level 14, -10/86 HPs)
             Began as a Kobold Skald on Nov 27, 2017.
             Was a High Priest of Sif Muna.
             Killed by divine providence
             ... invoked by a meliai
              (15 damage)
             ... on level 14 of the Dungeon.
             The game lasted 00:33:14 (10998 turns).

tehllama the Charmwright (Kobold Skald)            Turns: 10998, Time: 00:33:15

Health: -10/86     AC: 21 (19%)Str: 15  XL:     14   Next: 24%
Magic:  8/10       EV: 20    Int: 23    God:    Sif Muna [5*[128]]
Gold:   1087       SH:  7    Dex: 16    Spells: 34/53 levels left

rFire    + . .     SeeInvis .   o - +5 mace "Dumujudd" {speed, rF+ Str+5 Stlth+}
rCold    . . .     Faith    .   v - +0 buckler
rNeg     . . .     Spirit   .   r - +0 troll leather armour
rPois    +         Reflect  .   (helmet restricted)
rElec    .                      j - +2 cloak
rCorr    .                      i - +2 pair of gloves
MR       +....                  (no boots)
Stlth    +++++++...             (no amulet)
Regen    1.4/turn               q - ring of poison resistance
MPRegen  0.2/turn               n - +3 ring of intelligence

@: lethally poisoned (-10 -> -11), regenerating, repel missiles, spectral
weapon, icy armour
A: antennae 1, hooves 1, camouflage, evolution, no device heal 1, sturdy frame
a: End Regeneration, End Ozocubu's Armour, Stop Singing, End Infusion, End
Spectral Weapon, Stop Repelling Missiles, Divine Energy, Channel Magic, Forget
Spell, Renounce Religion


You were on level 14 of the Dungeon.
You worshipped Sif Muna.
Sif Muna was extremely pleased with you.
You were not hungry.

You visited 1 branch of the dungeon, and saw 14 of its levels.
You visited the Abyss 1 time.

You collected 1087 gold pieces.

Inventory:

Hand Weapons
 c - a +4 dagger
 e - a +1 war axe of distortion
 o - the +5 mace "Dumujudd" (weapon) {speed, rF+ Str+5 Stlth+}
   (You found it on level 6 of the Dungeon)

   Attacks with this weapon are significantly faster.
   It affects your strength (+5).
   It protects you from fire.
   It makes you more stealthy.
Missiles
 g - 565 bolts
 h - 10 curare darts (quivered)
Armour
 b - +0 acid dragon scales
 i - a +2 pair of gloves (worn)
 j - a +2 cloak (worn)
 r - a +0 troll leather armour (worn)
 v - a +0 buckler (worn)
 w - the +1 plate armour of Ypeyfin {rElec rF- Int+4}
   (You found it on level 9 of the Dungeon)

   It affects your intelligence (+4).
   It makes you vulnerable to fire.
   It insulates you from electricity.
Jewellery
 n - a +3 ring of intelligence (right hand)
 q - a ring of poison resistance (left hand)
Wands
 a - a wand of acid (8)
 y - a wand of paralysis (6)
 A - a wand of lightning (8)
Scrolls
 d - a scroll of teleportation
 f - a scroll of fear
 m - 3 scrolls of magic mapping
 s - 2 scrolls of amnesia
 z - 3 scrolls of enchant armour
Potions
 k - a potion of augmentation
 l - 3 potions of mutation
 t - 3 potions of cancellation


   Skills:
 + Level 9.1 Fighting
 + Level 9.1 Blades
 + Level 6.5 Axes
 + Level 6.5 Maces & Staves
 + Level 6.5 Polearms
 + Level 6.5 Bows
 + Level 6.5 Crossbows
 + Level 6.5 Throwing
 + Level 7.8 Armour
 + Level 7.8 Dodging
 + Level 6.5 Stealth
 + Level 6.5 Shields
 + Level 6.5 Unarmed Combat
 + Level 9.5(11.2) Spellcasting
 + Level 6.5(8.2) Hexes
 + Level 10.5(12.2) Charms
 + Level 6.5(8.2) Summonings
 + Level 6.5(8.2) Necromancy
 + Level 6.5(8.2) Translocations
 + Level 6.5(8.2) Transmutations
 + Level 6.5(8.2) Fire Magic
 + Level 6.5(8.2) Ice Magic
 + Level 6.5(8.2) Air Magic
 + Level 6.5(8.2) Earth Magic
 + Level 6.5 Invocations
 + Level 6.5 Evocations


You had 34 spell levels left.
You knew the following spells:

 Your Spells              Type           Power        Failure   Level  Hunger
a - Infusion              Chrm           25 (25)      1%          1    N/A
b - Song of Slaying       Chrm           62 (100)     1%          2    N/A
c - Regeneration          Chrm/Necr      57 (200)     1%          3    N/A
d - Ozocubu's Armour      Chrm/Ice       57 (100)     1%          4    N/A
e - Spectral Weapon       Chrm/Summ      57 (100)     1%          5    N/A
f - Swiftness             Chrm/Air       57 (100)     1%          2    N/A
g - Repel Missiles        Chrm/Air       57 (100)     1%          2    N/A

Dungeon Overview and Level Annotations

Branches:
Dungeon (14/15)

Altars:
Cheibriados
Dithmenos
Elyvilon
Gozag
Hepliaklqana
Jiyva
Kikubaaqudgha
Makhleb
Okawaru
Qazlal
Ru
Sif Muna
Trog
Uskayaw
Vehumet
Xom
Yredelemnul
Zin
The Shining One

Annotations:
D:11 exclusion: obsidian statue
D:14 Frances


Innate Abilities, Weirdness & Mutations

You are small and have problems with some larger weapons.
You evolve.
You have a pair of small antennae on your head.
You have large cloven feet.
Your skin blends seamlessly with your surroundings (Stealth+++).
Potions are less effective at restoring your health.
Your movements are less encumbered by armour. (ER -6)


Message History

You hit the meliai (9)!
The meliai is moderately wounded.
You feel sick. You block the meliai's attack.
The meliai hits your spectral weapon with a +0 war axe (6).
The meliai misses you.
The meliai calls down the wrath of its god upon you.
Something smites you (11)!
* * * LOW HITPOINT WARNING * * *
The meliai mumbles some strange prayers to its god against you.
Something smites you (12)!
* * * LOW HITPOINT WARNING * * *
You sock the meliai (17)!
You kill the meliai!
You feel sick.
Frances chants phrases taken from a devil's mouth.
Frances seems to speed up.
You swap places.
You feel sick.
The meliai mumbles some strange prayers to its god against you.
Something smites you (15)!
You die...

Y.(..).....O.Y.@....>#
..#####....#####.#####
#....#
#Y################
#....#
#.#...............
#....#
#O#.##############
......# #.#.#
#.........## .....@.#
#Y#.###.#######.##
....#### #(#.....#
#.(.## #@#######
#.#### #.# #.# # #y#
#)# #y# #.#### #.#
#..... #.# #####. #.#
#. #.# #. .# #.


You could see 2 death yaks, a two-headed ogre, 2 meliai and a friendly spectral
mace "Dumujudd" {speed, rF+ Str+5 Stlth+}.

Vanquished Creatures
  3 starcursed masses
  Josephine (D:10)
  Harold (D:12)
  A hydra (D:14)
  Erica (D:10)
  4 centaur warriors
  A catoblepas (D:13)
  3 two-headed ogres
  An orc high priest (D:13)
  A tengu warrior (D:13)
  6 skeletal warriors
  A wizard (D:14)
  An unseen horror (D:10)
  2 large abominations
  3 ugly things
  2 cyclopes (D:11)
  2 black mambas
  A spiny frog (D:13)
  A rime drake (D:12)
  2 ancient zymes (Abyss:2)
  4 meliai (D:14)
  5 trolls
  Prince Ribbit (D:5)
  Grinder (D:5)
  5 raiju
  18 blink frogs
  4 slime creatures (D:14)
  4 wyverns
  A vampire (D:11)
  3 wraiths (D:10)
  A shadow (D:13)
  15 yaks
  Grum (D:11)
  A black mamba skeleton (D:11)
  A neqoxec (Abyss:1)
  2 wargs (D:13)
  3 acid dragons
  A soldier ant (shapeshifter) (D:14)
  2 small abominations
  2 water moccasins (D:10)
  6 orc warriors
  2 spiny frog skeletons
  5 ice beasts
  3 ogres
  3 wolves (D:11)
  A blink frog zombie (D:11)
  20 centaurs
  A blink frog skeleton (D:13)
  A rime drake skeleton (D:12)
  4 bullfrogs
  A gnoll sergeant (D:8)
  A wyvern zombie (D:10)
  2 wyvern skeletons
  3 scorpions
  6 crimson imps
  9 killer bees
  A howler monkey (D:7)
  20 wights
  3 quasits
  A bullfrog zombie (D:5)
  6 orc priests
  4 jellies
  5 centaur zombies
  4 hounds
  10 orc wizards
  8 centaur skeletons
  An iron imp (D:7)
  5 worker ants
  A killer bee zombie (D:5)
  4 iguanas
  A hound zombie (D:6)
  3 hound skeletons
  7 gnolls
  10 adders
  4 shadow imps
  2 ufetubi (Abyss:2)
  2 oozes
  A dart slug (D:1)
  28 orcs
  5 quokkas
  3 giant cockroaches
  7 goblins
  6 hobgoblins
  14 jackals
  3 ball pythons
  3 bats
  5 frilled lizards
  3 goblin skeletons (D:7)
  2 hobgoblin zombies (D:7)
  4 kobolds
  A kobold skeleton (D:7)
  A kobold zombie (D:7)
  An orc skeleton (D:7)
  An orc zombie (D:7)
  6 rats
377 creatures vanquished.

Vanquished Creatures (others)
  An adder (D:3)
  An ooze (D:3)
  16 spectral weapons
  8 starspawn tentacles (Abyss:3)
26 creatures vanquished.

Grand Total: 403 creatures vanquished

Notes
Turn   | Place    | Note
-------+----------+-------------------------------------------
     0 | D:1      | tehllama the Kobold Skald began the quest for the Orb.
     0 | D:1      | Reached XP level 1. HP: 13/13 MP: 4/4
   107 | D:1      | Gained mutation: You evolve. [Kobold growth]
   107 | D:1      | Reached XP level 2. HP: 18/19 MP: 0/5
   141 | D:1      | Learned a level 2 spell: Song of Slaying
   562 | D:1      | Reached XP level 3. HP: 20/24 MP: 3/5
   567 | D:1      | Learned a level 3 spell: Regeneration
  1074 | D:2      | Found a deep blue altar of Sif Muna.
  1100 | D:2      | Became a worshipper of Sif Muna the Loreminder
  1329 | D:2      | Reached XP level 4. HP: 29/29 MP: 0/3
  1359 | D:2      | Learned a level 4 spell: Ozocubu's Armour
  1368 | D:2      | Found an ancient bone altar of Kikubaaqudgha.
  1474 | D:2      | Found a hazy altar of Hepliaklqana.
  1531 | D:3      | Found a basalt altar of Yredelemnul.
  1560 | D:3      | Reached XP level 5. HP: 16/34 MP: 0/5
  1621 | D:3      | Found a snail-covered altar of Cheibriados.
  1641 | D:3      | Found a radiant altar of Vehumet.
  1683 | D:3      | Reached XP level 6. HP: 40/40 MP: 5/8
  1690 | D:3      | Learned a level 5 spell: Spectral Weapon
  1732 | D:3      | Reached * piety under Sif Muna
  2008 | D:3      | Found a bloodstained altar of Trog.
  2059 | D:3      | Gained mutation: You have an increased reservoir of magic. (+10% MP) [evolution]
  2223 | D:4      | Reached XP level 7. HP: 45/45 MP: 0/4
  2431 | D:4      | Found a stormy altar of Qazlal.
  2432 | D:4      | Noticed an air elemental
  2434 | D:4      | Noticed a fire elemental
  2434 | D:4      | Noticed a water elemental
  2737 | D:4      | Gained mutation: You have a pair of small antennae on your head. [evolution]
  2794 | D:4      | Found a sacrificial altar of Ru.
  2844 | D:5      | Entered Level 5 of the Dungeon
  2844 | D:5      | Found an opulent altar of Gozag.
  2844 | D:5      | Noticed Grinder
  2846 | D:5      | Found a viscous altar of Jiyva.
  2855 | D:5      | Killed Grinder
  2855 | D:5      | Reached XP level 8. HP: 51/51 MP: 0/7
  2893 | D:5      | Found a shimmering altar of Xom.
  2897 | D:5      | Found a glowing silver altar of Zin.
  2897 | D:5      | Found a white marble altar of Elyvilon.
  2955 | D:5      | Reached ** piety under Sif Muna
  2972 | D:5      | Noticed Prince Ribbit
  2978 | D:5      | Killed Prince Ribbit
  3059 | D:5      | Found a hide-covered altar of Uskayaw.
  3289 | D:5      | Found a shadowy altar of Dithmenos.
  3768 | D:6      | Reached XP level 9. HP: 56/56 MP: 2/10
  4130 | D:6      | Found an iron altar of Okawaru.
  4151 | D:6      | Found a burning altar of Makhleb.
  4177 | D:6      | Got the +5 mace "Dumujudd" {speed, rF+ Str+5 Stlth+}
  4348 | D:7      | Found a glowing golden altar of the Shining One.
  4485 | D:7      | Found a glowing golden altar of the Shining One.
  4562 | D:7      | Reached *** piety under Sif Muna
  4777 | D:8      | Gained mutation: You occasionally shout uncontrollably at your foes. [evolution]
  4824 | D:8      | Reached XP level 10. HP: 47/63 MP: 1/7
  5625 | D:9      | Got the +1 plate armour of Ypeyfin {rElec rF- Int+4}
  5696 | D:9      | Reached XP level 11. HP: 68/68 MP: 0/9
  6034 | D:10     | Entered Level 10 of the Dungeon
  6034 | D:10     | Reached **** piety under Sif Muna
  6048 | D:10     | Noticed Erica
  6060 | D:10     | Killed Erica
  6333 | D:10     | Noticed Josephine
  6352 | D:10     | Killed Josephine
  6389 | D:10     | Killed an unseen horror
  6762 | D:10     | Gained mutation: You possess an exceptional clarity of mind. [evolution]
  6770 | D:10     | Noticed a two-headed ogre
  6780 | D:10     | Killed a two-headed ogre
  7101 | D:11     | Reached XP level 12. HP: 69/73 MP: 9/11
  7123 | D:11     | Noticed a skeletal warrior
  7125 | D:11     | Noticed a skeletal warrior
  7126 | D:11     | Noticed a skeletal warrior
  7142 | D:11     | Killed a skeletal warrior
  7168 | D:11     | Killed a skeletal warrior
  7183 | D:11     | Killed a skeletal warrior
  7228 | D:11     | Noticed a two-headed ogre
  7237 | D:11     | Killed a two-headed ogre
  7545 | D:11     | Noticed Grum
  7580 | D:11     | Killed Grum
  7812 | D:11     | Reached ***** piety under Sif Muna
  8189 | D:12     | Noticed a skeletal warrior
  8189 | D:12     | Noticed a skeletal warrior
  8189 | D:12     | Noticed a skeletal warrior
  8212 | D:12     | Killed a skeletal warrior
  8223 | D:12     | Killed a skeletal warrior
  8239 | D:12     | Killed a skeletal warrior
  8269 | D:12     | Noticed Harold
  8281 | D:12     | Killed Harold
  8281 | D:12     | Reached XP level 13. HP: 61/79 MP: 5/13
  8405 | D:12     | Noticed Sonja
  8411 | D:12     | Cast into level 1 of the Abyss (Sonja)
  8411 | Abyss:1  | Found a corrupted altar of Lugonu.
  8434 | Abyss:1  | Noticed a tentacled starspawn
  8518 | Abyss:1  | Found a corrupted altar of Lugonu.
  8563 | Abyss:1  | Noticed a starcursed mass
  8599 | Abyss:1  | Killed a starcursed mass
  8630 | Abyss:1  | Noticed an angel
  8642 | Abyss:1  | Noticed an ancient lich
  8644 | Abyss:1  | Noticed a starcursed mass
  8728 | Abyss:1  | Found a corrupted altar of Lugonu.
  8764 | Abyss:2  | Found a corrupted altar of Lugonu.
  8897 | Abyss:2  | Noticed a starcursed mass
  9018 | Abyss:3  | Found a corrupted altar of Lugonu.
  9083 | Abyss:3  | Noticed a tentacled starspawn
  9123 | Abyss:3  | Gained mutation: Your spells are a little easier to cast, but a little less powerful. [evolution]
  9125 | Abyss:3  | Noticed a tentacled starspawn
  9148 | Abyss:3  | Noticed a blizzard demon
  9154 | Abyss:3  | Gained mutation: Scrolls take you a little longer to read. [a wretched star]
  9156 | D:12     | Escaped the Abyss
  9391 | D:12     | Received a gift from Sif Muna
  9392 | D:12     | Got Sif Muna's Tome of Transmigration and Translocation
  9804 | D:13     | Noticed a centaur warrior
  9816 | D:13     | Killed a centaur warrior
 10120 | D:13     | Lost mutation: Scrolls take you a little longer to read. [potion of mutation]
 10120 | D:13     | Lost mutation: Your spells are a little easier to cast, but a little less powerful. [potion of mutation]
 10120 | D:13     | Lost mutation: You have an increased reservoir of magic. (+10% MP) [potion of mutation]
 10120 | D:13     | Lost mutation: You occasionally shout uncontrollably at your foes. [potion of mutation]
 10120 | D:13     | Lost mutation: You possess an exceptional clarity of mind. [potion of mutation]
 10120 | D:13     | Gained mutation: You have large cloven feet. [potion of mutation]
 10120 | D:13     | Gained mutation: Potions are less effective at restoring your health. [potion of mutation]
 10120 | D:13     | Gained mutation: Your movements are less encumbered by armour. (ER -6) [potion of mutation]
 10321 | D:13     | Noticed a centaur warrior
 10328 | D:13     | Killed a centaur warrior
 10348 | D:13     | Learned a level 2 spell: Swiftness
 10351 | D:13     | Learned a level 2 spell: Repel Missiles
 10419 | D:13     | Gained mutation: Your skin blends seamlessly with your surroundings (Stealth+++). [evolution]
 10463 | D:13     | Noticed a catoblepas
 10474 | D:13     | Killed a catoblepas
 10735 | D:14     | Noticed a centaur warrior
 10747 | D:14     | Killed a centaur warrior
 10772 | D:14     | Reached XP level 14. HP: 86/86 MP: 1/10
 10959 | D:14     | Noticed Frances
 10997 | D:14     | HP: 4/86 [poisoned by a meliai]
 10998 | D:14     | Killed from afar by a meliai

Action                   |  1- 3 |  4- 6 |  7- 9 | 10-12 | 13-15 || total
-------------------------+-------+-------+-------+-------+-------++-------
Melee: Rapier            |    17 |       |       |       |       ||    17
       Dagger            |    41 |   105 |   209 |       |       ||   355
       Punch             |       |       |     4 |     1 |       ||     5
       Mace              |       |       |    77 |   490 |   437 ||  1004
       Kick              |       |       |       |       |    49 ||    49
 Cast: Infusion          |     1 |       |       |       |       ||     1
       Song of Slaying   |     1 |       |       |       |       ||     1
       Regeneration      |     1 |       |       |       |       ||     1
       Ozocubu's Armour  |       |     1 |       |       |       ||     1
       Spectral Weapon   |       |       |     1 |       |       ||     1
       Repel Missiles    |       |       |       |       |     1 ||     1
  Use: Potion            |       |     2 |     3 |     4 |     7 ||    16
       Scroll            |       |       |       |     2 |     4 ||     6
 Stab: Sleeping          |     6 |     3 |     6 |     9 |     8 ||    32
       Distracted        |       |       |     2 |     5 |     6 ||    13
Armor: Leather armour    |     9 |    15 |    66 |    32 |       ||   122
       Skin              |       |       |    23 |       |       ||    23
       Troll leather arm |       |       |       |    99 |   143 ||   242
Dodge: Dodged            |    27 |    60 |   181 |   318 |   408 ||   994
Block: Buckler           |       |       |       |   128 |   156 ||   284
